 Dungeon Crawl Stone Soup version 0.28.0-53-g5a82cb258f (webtiles) character file.

Game seed: 1564005514033710546

135 Atelerd the Digger (level 5, -3/31 HPs)
             Began as an Octopode Earth Elementalist on July 12, 2022.
             Slain by a hobgoblin (5 damage)
             ... on level 4 of the Dungeon.
             The game lasted 00:03:03 (3819 turns).

Atelerd the Digger (Octopode Earth Elementalist)    Turns: 3819, Time: 00:03:04

Health: -3/31      AC:  1    Str:  7    XL:     5   Next: 18%
Magic:  4/9        EV: 13    Int: 20    God:
Gold:   118        SH:  0    Dex: 12    Spells: 2/10 levels left

rFire   . . .      SeeInvis .   c - +0 dagger
rCold   . . .      Faith    .   (no shield)
rNeg    . . .      Spirit   .   (helmet restricted)
rPois   .          Reflect  .   (no amulet)
rElec   .          Harm     .   h - ring of wizardry
rCorr   .          Rampage  .   (no ring)
Will    .....                   (no ring)
Stlth   +++.......              (no ring)
HPRegen 0.10/turn               (no ring)
MPRegen 0.11/turn               (no ring)
                                (no ring)
                                (no ring)

@: lethally poisoned (-3 -> -7), hasted, very quick
A: almost no armour, amphibious, 8 rings, camouflage 1, gelatinous body 1,
(nimble swimmer 1), tentacles
a: no special abilities


You were on level 4 of the Dungeon.
You visited 1 branch of the dungeon, and saw 4 of its levels.

You collected 118 gold pieces.

Inventory:

Hand Weapons
 c - a +0 dagger (weapon)
Missiles
 b - 41 stones
Jewellery
 h - a ring of wizardry (left tentacle)
Wands
 e - a wand of polymorph (9)
Scrolls
 d - a scroll of noise {unknown}
 f - a scroll of vulnerability {unknown}
 j - a scroll of enchant weapon {unknown}
Potions
 a - 2 potions of curing {unknown}
 g - a potion of lignification {unknown}
 i - a potion of haste


   Skills:
 - Level 0.1 Fighting
 + Level 2.3 Dodging
 + Level 3.5 Stealth
 + Level 3.1 Spellcasting
 + Level 1.5 Transmutations
 + Level 4.2 Earth Magic


You had 2 spell levels left.
You knew the following spells:

 Your Spells              Type           Power      Damage    Failure   Level
a - Sandblast             Erth           40%        2d10      1%          1
p - Petrify               Tmut/Erth      14%        N/A       16%         4
r - Stone Arrow           Conj/Erth      22%        3d8       7%          3

Your spell library contained the following spells:

 Spells                   Type           Power      Damage    Failure   Level
 Passwall                 Tmut/Erth      11%        N/A       2%          2


Dungeon Overview and Level Annotations

Branches:
Dungeon (4/15)
 Temple: D:4-7

Altars:
Okawaru

Annotations:
D:1 exclusion: downstairs


Innate Abilities, Weirdness & Mutations

You cannot wear most types of armour.
You are amphibious.
You can wear up to eight rings at the same time.
Your skin changes colour to match your surroundings (Stealth+).
Your rubbery body absorbs attacks. (AC +1, EV +1)
((You are camouflaged when in or above water. (Stealth+)))
You have tentacles for arms and can constrict up to eight enemies at once.


Message History

The blast of sand misses the scorpion.
The scorpion stings you!
You are poisoned.
The scorpion poisons you!
Casting: Sandblast (safe; 1% risk of failure)
Confirm with . or Enter, or press ? or * to list all spells.
Aiming: Sandblast (safe; 1% risk of failure)
Press: ? - help, Shift-Dir - straight line, f/p - scorpion
Aim: a scorpion (heavily wounded, 81% to hit)
The blast of sand hits the scorpion but does no damage.
The scorpion is heavily wounded.
You feel very sick.
The hobgoblin hits you but does no damage.
The scorpion misses you.
Casting: Sandblast (safe; 1% risk of failure)
Confirm with . or Enter, or press ? or * to list all spells.
Aiming: Sandblast (safe; 1% risk of failure)
Press: ? - help, Shift-Dir - straight line, f/p - scorpion
Aim: a scorpion (heavily wounded, 81% to hit)
The blast of sand hits the scorpion.
The scorpion is heavily wounded.
You feel sick. The hobgoblin misses you. The scorpion stings you.
* * * LOW HITPOINT WARNING * * *
Unknown command.
Unknown command.
Casting: Sandblast (safe; 1% risk of failure)
Confirm with . or Enter, or press ? or * to list all spells.
Aiming: Sandblast (safe; 1% risk of failure)
Press: ? - help, Shift-Dir - straight line, f/p - scorpion
Aim: a scorpion (heavily wounded, 81% to hit)
The blast of sand hits the scorpion but does no damage.
The scorpion is heavily wounded.
You feel sick. The hobgoblin hits you.
* * * LOW HITPOINT WARNING * * *
The scorpion barely misses you.
Unknown command.
Unknown command.
It was a potion of haste.
You feel yourself speed up.
* * * LOW HITPOINT WARNING * * *
You feel sick. The scorpion misses you. The hobgoblin hits you.
You die...

#... ......# #.#..
#.##..##
...#.##.##...##
..............#
........##)...##
........##.....####..
............(.......#
.....#..s#g##..#####
### ### #..#@.##..# ...
#####.........## ...
..............>#
#.#+#+#.#.#..>....#.##
.##.......#.#..[....#.#
.....<....#.#.......#.#
..........#.#..#......#
..........#..##########
...####......#


You could see a scorpion and a hobgoblin.

Vanquished Creatures
  3 gnolls
  An adder (D:2)
  2 worms (D:2)
  3 dart slugs
  3 bats
  6 endoplasms
  5 giant cockroaches
  7 goblins
  3 hobgoblins
  9 jackals
  3 quokkas
  9 ball pythons
  4 frilled lizards (D:2)
  9 kobolds
  12 rats
79 creatures vanquished.

Vanquished Creatures (others)
  4 plants (D:2)
4 creatures vanquished.

Grand Total: 83 creatures vanquished

Notes
Turn   | Place    | Note
-------+----------+-------------------------------------------
     0 | D:1      | Atelerd the Octopode Earth Elementalist began the quest for
                  | the Orb.
     0 | D:1      | Reached XP level 1. HP: 11/11 MP: 3/3
    95 | D:1      | Reached XP level 2. HP: 16/17 MP: 0/5
   798 | D:1      | Reached XP level 3. HP: 21/21 MP: 3/6
  1326 | D:2      | Reached skill level 4 in Earth Magic
  1346 | D:1      | HP: 1/21 [gnoll/+0 whip (2)]
  1348 | D:1      | Reached XP level 4. HP: 2/27 MP: 6/8
  1353 | D:1      | Learned a level 4 spell: Petrify
  2824 | D:2      | Reached XP level 5. HP: 31/31 MP: 9/9
  2857 | D:2      | Found a faded altar of an unknown god.
  3077 | D:3      | Found an iron altar of Okawaru.
  3310 | D:3      | Learned a level 3 spell: Stone Arrow
  3819 | D:4      | Slain by a hobgoblin

Illustrated notes

Levels and vault maps discovered:
D:1:      ncdulo_watergridlock, layout_loops_ring
D:2:      layout_loops_ring, shapermc_ecumenical_altar_flowoftime,
          minmay_lizard_king
D:3:      layout_rooms, kennysheep_okawaru_gauntlet
D:4:      layout_basic, hangedman_abyss_or_decor_lesser_grid,
          kennysheep_big_empty_room, minmay_joined_circles

Skill      XL: |  1  2  3  4 |
---------------+-------------+-----
Stealth        | 3 |  3.5
Earth Magic    | 4 |  4.2
Spellcasting   | 3 |  3.1
Fighting       | |  0.1
Dodging        | |  2.3
Transmutations | |  1.5

Action                   |  1- 3 |  4- 6 || total
-------------------------+-------+-------++-------
Melee: Unarmed           |     2 |       ||     2
       Constrict         |    12 |    21 ||    33
       Tentacles         |    11 |    24 ||    35
       Dagger            |    41 |    98 ||   139
       Punch             |     1 |     7 ||     8
 Cast: Sandblast         |    36 |    14 ||    50
       Stone Arrow       |       |     2 ||     2
  Use: Potion            |       |     1 ||     1
 Stab: Sleeping          |     4 |     9 ||    13
       Distracted        |       |     1 ||     1
Armor: Skin              |     2 |    13 ||    15
Dodge: Dodged            |    36 |    61 ||    97
